 Dungeon Crawl Stone Soup version 0.30-a0-335-ge5acde7520 (webtiles) character file.

Game seed: 6122276294799150431

84 twist the Cudgeller (level 4, 14/41 HPs)
             Began as a Gnoll Cinder Acolyte on Oct 30, 2022.
             Was a High Priest of Ignis.
             Quit the game on level 3 of the Dungeon.
             The game lasted 00:01:49 (2071 turns).

twist the Cudgeller (Gnoll Cinder Acolyte)          Turns: 2071, Time: 00:01:50

Health: 14/41      AC:  5    Str: 13    XL:     4   Next: 46%
Magic:  8/8        EV: 11    Int: 15    God:    Ignis [*****.]
Gold:   93         SH:  0    Dex:  8    Spells: 7/9 levels left

rFire   + . .      SeeInvis .    l - +2 dagger (elec)
rCold   . . .      Faith    .    (no shield)
rNeg    . . .      Spirit   .    b - +0 robe
rPois   .          Reflect  .    n - +0 helmet
rElec   .          Harm     .    q - +0 cloak
rCorr   .          Rampage  .    (no gloves)
Will    .....                    d - +0 pair of boots
Stlth   +.........               (no amulet)
HPRegen 0.26/turn                (no ring)
MPRegen 0.11/turn                (no ring)

@: confused
A: fangs 1, strong nose, distributed training
a: Renounce Religion, Fiery Armour, Foxfire Swarm, Rising Flame


You were on level 3 of the Dungeon.
You worshipped Ignis.
Ignis was extremely pleased with you.
You visited 1 branch of the dungeon, and saw 3 of its levels.

You collected 93 gold pieces.

Inventory:

Hand Weapons
 a - a -1 mace of flaming
 l - a +2 dagger of electrocution (weapon)
Armour
 b - a +0 robe (worn)
 d - a +0 pair of boots (worn)
 n - a +0 helmet (worn)
 q - a +0 cloak (worn)
Scrolls
 e - 2 scrolls of butterflies {unknown}
 g - 2 scrolls of fear {unknown}
 h - a scroll of poison {unknown}
 j - 3 scrolls of identify {unknown}
 k - a scroll of magic mapping {unknown}
 m - a scroll of teleportation {unknown}
 p - a scroll of vulnerability {unknown}
Potions
 c - a potion of might {unknown}
 f - 2 potions of curing {unknown}
 i - a potion of degeneration {unknown}
 o - a potion of heal wounds {unknown}


   Skills:
 + Level 6.6 Fighting
 + Level 1.2 Short Blades
 + Level 1.2 Long Blades
 + Level 1.2 Axes
 + Level 6.6 Maces & Flails
 + Level 1.2 Polearms
 + Level 1.2 Staves
 + Level 1.2 Ranged Weapons
 + Level 1.2 Throwing
 + Level 1.2 Armour
 + Level 1.2 Dodging
 + Level 1.2 Stealth
 + Level 1.2 Shields
 + Level 1.2 Unarmed Combat
 + Level 3.0 Spellcasting
 + Level 1.0 Conjurations
 + Level 1.0 Hexes
 + Level 1.0 Summonings
 + Level 1.0 Necromancy
 + Level 1.0 Translocations
 + Level 1.0 Transmutations
 + Level 5.5 Fire Magic
 + Level 1.0 Ice Magic
 + Level 1.0 Air Magic
 + Level 1.0 Earth Magic
 + Level 1.0 Poison Magic
 + Level 1.3 Invocations
 + Level 1.2 Evocations


You had 7 spell levels left.
You knew the following spells:

 Your Spells              Type           Power      Damage    Failure   Level
a - Scorch                Fire           36%        2d6       3%          2

Your spell library contained the following spells:

 Spells                   Type           Power      Damage    Failure   Level


Dungeon Overview and Level Annotations

Branches:
Dungeon (3/15)

Altars:


Innate Abilities, Weirdness & Mutations

You have very sharp teeth.
Your uncanny sense of smell can sniff out nearby items.
Your experience applies equally to all skills.


Message History

The jackal attacks as you move away!
The jackal bites you but does no damage.
An orc wizard and an orc come into view.
The orc wizard shouts!
The orc shouts!
The hobgoblin hits you. Something hits you. The jackal closely misses you.
The orc wizard moves out of view.
Unknown command.
Unknown command.
You hit the jackal. Lightning courses through the jackal!
You kill the jackal!
You feel less confused. The kobold hits you but does no damage.
The hobgoblin closely misses you. Something hits you.
* * * LOW HITPOINT WARNING * * *
You barely miss the jackal. The kobold closely misses you. Something hits you.
* * * LOW HITPOINT WARNING * * *
The hobgoblin hits you.
* * * LOW HITPOINT WARNING * * *
The jackal bites you but does no damage.
You hit the jackal. Lightning courses through the jackal!
You kill the jackal!
A bat comes into view.
The kobold hits you with a +0 dagger.
* * * LOW HITPOINT WARNING * * *
The orc wizard casts a spell.
The orc wizard flickers and vanishes!
The hobgoblin hits you.
* * * LOW HITPOINT WARNING * * *
The bat moves out of view.
The jackal attacks as you move away! The jackal bites you.
* * * LOW HITPOINT WARNING * * *
You hear some strange, mumbled words.
You are confused.
Something hits you but does no damage.
You closely miss something. The kobold hits you but does no damage.
Something hits you but does no damage. Something hits you.
* * * LOW HITPOINT WARNING * * *
The hobgoblin closely misses you.
Unknown command.
Are you sure you want to abandon this character and quit the game? (Confirm with "yes".)

######### #
#........
#.##......#
#.#{@####.###
#..Kg{o......
#.....#.......
......####.!.....
...... .......
.....? .......
...... .......


You could see an orc, a jackal, a hobgoblin and a kobold.

Vanquished Creatures
  Robin (D:2)
  An adder (D:2)
  2 worms (D:2)
  2 orcs (D:3)
  3 ball pythons
  An endoplasm (D:2)
  2 giant cockroaches (D:1)
  13 goblins
  11 hobgoblins
  2 jackals (D:3)
  2 quokkas (D:1)
  4 bats
  3 kobolds
  4 rats
51 creatures vanquished.

Notes
Turn   | Place    | Note
-------+----------+-------------------------------------------
     0 | D:1      | twist the Gnoll Cinder Acolyte began the quest for the Orb.
     0 | D:1      | Reached XP level 1. HP: 23/23 MP: 4/4
   126 | D:1      | Reached XP level 2. HP: 29/29 MP: 5/5
   885 | D:2      | Reached XP level 3. HP: 35/35 MP: 7/7
  1276 | D:2      | Noticed Robin
  1302 | D:2      | Reached skill level 1 in Invocations
  1387 | D:2      | Killed Robin
  1388 | D:2      | Reached skill level 1 in Short Blades
  1388 | D:2      | Reached skill level 1 in Long Blades
  1388 | D:2      | Reached skill level 1 in Axes
  1388 | D:2      | Reached skill level 1 in Polearms
  1388 | D:2      | Reached skill level 1 in Staves
  1388 | D:2      | Reached skill level 1 in Ranged Weapons
  1388 | D:2      | Reached skill level 1 in Throwing
  1388 | D:2      | Reached skill level 1 in Armour
  1388 | D:2      | Reached skill level 1 in Dodging
  1388 | D:2      | Reached skill level 1 in Stealth
  1388 | D:2      | Reached skill level 1 in Shields
  1388 | D:2      | Reached skill level 1 in Unarmed Combat
  1388 | D:2      | Reached skill level 1 in Evocations
  1394 | D:2      | Reached XP level 4. HP: 15/41 MP: 8/8
  1424 | D:2      | Learned a level 2 spell: Scorch
  2055 | D:3      | Reached skill level 1 in Conjurations
  2055 | D:3      | Reached skill level 1 in Hexes
  2055 | D:3      | Reached skill level 1 in Summonings
  2055 | D:3      | Reached skill level 1 in Necromancy
  2055 | D:3      | Reached skill level 1 in Translocations
  2055 | D:3      | Reached skill level 1 in Transmutations
  2055 | D:3      | Reached skill level 1 in Ice Magic
  2055 | D:3      | Reached skill level 1 in Air Magic
  2055 | D:3      | Reached skill level 1 in Earth Magic
  2055 | D:3      | Reached skill level 1 in Poison Magic
  2071 | D:3      | Quit the game

Illustrated notes

Levels and vault maps discovered:
D:1:      co_arrival_square_in_a_square_in_a_square, layout_basic, serial_glass,
          glass_columns_b, glass_columns_c, glass_columns_a
D:2:      layout_loops_ring, uniq_robin
D:3:      layout_basic, mainiacjoe_overflow_large_starburst,
          hangedman_abyss_or_decor_lesser_grid, minivault_23

Skill      XL: |  1  2  3  4 |
---------------+-------------+-----
Invocations    | 1 |  1.3
Short Blades   | 1 |  1.2
Long Blades    | 1 |  1.2
Axes           | 1 |  1.2
Polearms       | 1 |  1.2
Staves         | 1 |  1.2
Ranged Weapons | 1 |  1.2
Throwing       | 1 |  1.2
Armour         | 1 |  1.2
Dodging        | 1 |  1.2
Stealth        | 1 |  1.2
Shields        | 1 |  1.2
Unarmed Combat | 1 |  1.2
Evocations     | 1 |  1.2
Spellcasting   | 3 |  3.0
Conjurations   | 1 |  1.0
Hexes          | 1 |  1.0
Summonings     | 1 |  1.0
Necromancy     | 1 |  1.0
Translocations | 1 |  1.0
Transmutations | 1 |  1.0
Ice Magic      | 1 |  1.0
Air Magic      | 1 |  1.0
Earth Magic    | 1 |  1.0
Poison Magic   | 1 |  1.0
Fighting       | |  6.6
Maces & Flails | |  6.6
Fire Magic     | |  5.5

Action                   |  1- 3 |  4- 6 || total
-------------------------+-------+-------++-------
Melee: Mace              |    75 |       ||    75
       Bite              |     7 |     6 ||    13
       Punch             |     2 |       ||     2
       Dagger            |    45 |    41 ||    86
 Cast: Scorch            |       |     1 ||     1
 Stab: Sleeping          |     1 |       ||     1
Armor: Robe              |    35 |    14 ||    49
Dodge: Dodged            |    70 |    17 ||    87

Table legend: (Time is in decaauts)
 A = Elapsed time spent in this place.
 B = Non-inter-level travel time spent in this place.
 C = Inter-level travel time spent in this place.
 D = Time resting spent in this place.
 E = Time spent auto-exploring this place.
 F = Levels seen in this place.
 G = Mean time per level.
                   A        B        C        D        E       F      G
               +--------+--------+--------+--------+--------+-----+--------+
         Total |   2071 |   1957 |    114 |      0 |   1602 |   3 |  690.3 |
       Dungeon |   2071 |   1957 |    114 |      0 |   1602 |   3 |  690.3 |
               +--------+--------+--------+--------+--------+-----+--------+

Top non-repeatable levels by time:
     D:2: 1170 daAuts
     D:1: 879 daAuts
     D:3: 21 daAuts
